[Event "*** Titled Tuesday Blitz"]
[Site "Chess.com"]
[Date "2020.12.01"]
[Round "1"]
[White "Bubar"]
[Black "nubair1198"]
[Result "0-1"]
[WhiteElo "2404"]
[BlackElo "2821"]
[TimeControl "180+1"]
[EndTime "10:08:03 PST"]
[Termination "nubair1198 won by resignation"]

1. d4 d5 2. Nf3 Nf6 3. Bg5 Ne4 4. h4 c5 5. c3 Nc6 6. Nbd2 Bf5 7. e3 h6 8. Bf4 e6 9. Be2 Bd6 10. Bxd6 Qxd6 11.
Qb3 O-O 12. Qa3 b6 13. Nxe4 Bxe4 14. Nd2 Bxg2 15. Rg1 Qh2 16. O-O-O cxd4 17. exd4 Rac8 18. Kb1 Rc7 19. Ka1 a5 20. Bb5 Rfc8 21. Rde1 Qf4 22. Bxc6 Qxd2 23. Bb5 Qxf2 24. Qd6 a4 25. Qh2 a3 26.
Qxg2 axb2+ 27. Kb1 Qxg2 28. Rxg2 Rxc3 29. Kxb2 Rh3 30.
Reg1 g6 31. Rg4 Rc7 32. R1g2 Kg7 33. Bf1 Rf3 34. Be2 Rh3 35. Bd1 b5 36. Bb3 b4 37.
Rf4 f5 38. Re2 Kf6 39. Bc2 Rcc3 40. Rf1 Rce3 41. Rxe3 Rxe3 42. Rh1 Rg3 43. Rh2 Rg4 44. Kb3 Rxd4 45. Re2 Rxh4 46. Bd3 Rd4 47. Bb5 g5 48. Bd7 e5 49. Rh2 Kg6 50. Be8+ Kg7 51. Bd7 f4 52. Bf5 f3 53. Bc2 Rf4 54. Rf2 g4 55. a4 g3 56. a5 gxf2 0-1

[Event "*** Titled Tuesday Blitz"]
[Site "Chess.com"]
[Date "2020.12.01"]
[Round "1"]
[White "TC2304"]
[Black "Paladin61"]
[Result "0-1"]
[WhiteElo "2328"]
[BlackElo "2666"]
[TimeControl "180+1"]
[EndTime "10:08:03 PST"]
[Termination "Paladin61 won by checkmate"]

1. d4 Nf6 2. Bg5 c5 3. Nc3 cxd4 4. Qxd4 Nc6 5. Qh4 d6 6. e4 Bd7 7. O-O-O Rc8 8. f4 Qa5 9. a3 h6 10. Bxf6 gxf6 11. Nf3 Rg8 12. Qf2 a6 13. Nd5 Rb8 14. e5 fxe5 15. fxe5 dxe5 16. Kb1 Bg7 17. Bc4 b5 18. Bb3 e6 19. Rhf1 exd5 20. Bxd5 Rf8 21. Bxc6 Bxc6 22. Qc5 Qb6 23. Qd6 Rd8 24. Qb4 a5 25.
Qg4 Bf6 26. Nh4 Bxh4 27. Qxh4 Bd5 28. Qh5 Qe6 29. Rf5 Ba2+ 30. Ka1 Rxd1+ 31. Qxd1 Qxf5 32. Kxa2 Qe6+ 33. b3 a4 34. Qf1 axb3+ 35. cxb3 Qd5 36. Qc1 Qxg2+ 37. Kb1 Qe4+ 38. Kb2 Qd4+ 39. Ka2 Ke7 40. Qc7+ Kf6 41. Qc6+ Kg7 42. Qxb5 Kh8 43. Qf1 f5 44. Qa6 Qd2+ 45. Kb1 Qe1+ 46. Kb2 Qd2+ 47. Kb1 Qg5 48. a4 Qf6 49. Qe2 e4 50. a5 Rb8 51. Ka2 Qc3 52.
a6 Qxb3+ 53. Ka1 Qb1# 0-1

[Event "*** Titled Tuesday Blitz"]
[Site "Chess.com"]
[Date "2020.12.01"]
[Round "1"]
[White "Chesswizard_2007"]
[Black "ChronicUnhappiness"]
[Result "1-0"]
[WhiteElo "2660"]
[BlackElo "2324"]
[TimeControl "180+1"]
[EndTime "10:08:03 PST"]
[Termination "Chesswizard_2007 won by resignation"]

1. c4 e6 2. d4 d5 3. Nc3 Bb4 4.
e3 Nf6 5. Bd2 c5 6. cxd5 exd5 7.
dxc5 O-O 8. Nf3 Nc6 9. Be2 Bxc5 10. O-O a6 11. Rc1 Ba7 12. Na4 d4 13. exd4 Nxd4 14.
Nxd4 Bxd4 15. Bc3 Bxc3 16. Nxc3 Be6 17. Bf3 Qb6 18. Qc2 Rac8 19. Qb1 Rfd8 20. Rfd1 h6 21.
h3 Rd4 22. Rxd4 Qxd4 23. Ne2 Rxc1+ 24. Qxc1 Qe5 25. a3 Bd5 26. Bxd5 Nxd5 27. Ng3 Nf4 28. Kh2 h5 29. Qc8+ Kh7 30. Qxb7 f5 31. Qf7 h4 32.
Qxf5+ Qxf5 33. Nxf5 g5 34. Nd6 Nd3 35. Ne4 Kg6 36. b4 Kf5 37. f3 Nb2 38. Nc5 Nc4 39.
a4 a5 40. b5 Nb6 41. Nb3 Nxa4 42. Nxa5 Nb6 43. Nb3 Ke5 44. Nd2 Kf4 45. Ne4 Nd5 46. Kg1 Nb6 47. Kf2 Kf5 48. Ke3 Nd5+ 49. Kd4 Nb6 50. Kc5 Na4+ 51. Kc6 Kf4 52. b6 Nxb6 53. Kxb6 Ke3 54. Nxg5 Kf2 55. f4 Kxg2 56. f5 1-0

[Event "*** Titled Tuesday Blitz"]
[Site "Chess.com"]
[Date "2020.12.01"]
[Round "1"]
[White "MathiasWomacka"]
[Black "RamyresCoelho"]
[Result "1-0"]
[WhiteElo "2487"]
[BlackElo "2097"]
[TimeControl "180+1"]
[EndTime "10:08:03 PST"]
[Termination "MathiasWomacka won by checkmate"]

1. e4 c5 2. Nf3 d6 3. d4 cxd4 4.
Nxd4 Nf6 5. Nc3 a6 6. Be2 e6 7.
O-O Be7 8. f4 O-O 9. Kh1 b5 10.
Bf3 Bb7 11. e5 Bxf3 12. Qxf3 dxe5 13. fxe5 Nd5 14. Nxd5 Qxd5 15. Qxd5 exd5 16. Nf5 Bc5 17. Bf4 Nc6 18. Rad1 d4 19. Nd6 Bxd6 20. exd6 Rad8 21.
Rfe1 Rd7 22. g4 h6 23. Kg2 Rfd8 24. Re4 Rxd6 25. Bxd6 Rxd6 26. Re8+ Kh7 27. Ra8 Ne5 28. h3 Nc4 29. Re1 Ne3+ 30. Kf3 Nxc2 31. Rd1 d3 32. Rd2 Nb4 33. a3 Nc2 34. Ke4 Ne1 35. Ra7 Kg6 36. Ke3 Re6+ 37. Kf2 f6 38. Rd1 Re2+ 39. Kf1 Nf3 40.
Rxd3 Rxb2 41. Rxf3 Rb1+ 42. Kg2 Rb2+ 43. Kg3 b4 44.
axb4 Rxb4 45. Rxa6 Re4 46. Rd3 Re7 47. Rad6 Kg5 48. Rd7 Rxd7 49. Rxd7 g6 50. h4# 1-0

[Event "*** Titled Tuesday Blitz"]
[Site "Chess.com"]
[Date "2020.12.01"]
[Round "1"]
[White "Blitzstream"]
[Black "MartinMatthiesen"]
[Result "1-0"]
[WhiteElo "2768"]
[BlackElo "2385"]
[TimeControl "180+1"]
[EndTime "10:08:05 PST"]
[Termination "Blitzstream won by resignation"]

1. d4 Nf6 2. Bg5 d5 3. Nd2 c5 4.
c3 cxd4 5. cxd4 Nc6 6. e3 Bf5 7. Qb3 Na5 8. Bb5+ Bd7 9. Bxd7+ Qxd7 10. Qd3 e6 11. Ngf3 Nc6 12. O-O Bd6 13. Rfc1 O-O 14.
Bxf6 gxf6 15. e4 dxe4 16. Nxe4 Be7 17. Qe3 Kg7 18. Ng3 Rg8 19. Rd1 Rad8 20. d5 exd5 21.
Nd4 Kh8 22. Ndf5 d4 23. Qf4 Bd6 24. Qh4 Rg6 25. Nh6 Bxg3 26. hxg3 d3 27. Rd2 Ne5 28. Rad1 Kg7 29. Qe4 Rxh6 30. f4 Ng4 31. Rxd3 Qxd3 32. Rxd3 Rxd3 33. Qxd3 Rh1+ 34. Kxh1 Nf2+ 35. Kh2 Nxd3 36.
Kh3 Nxb2 37. Kg4 Kg6 38. f5+ Kg7 39. Kf4 Nd3+ 40. Ke4 Ne5 41. Kd5 h5 42. Kd6 Ng4 43. Kc7 Ne3 44. Kxb7 Nxf5 45. Kxa7 Kg6 46. a4 Nd4 47. Kb6 Nb3 48. Kb5 Kg5 49. Kb4 Nd4 50.
Kc5 Ne6+ 51. Kb6 Kg4 52. a5 Nf8 53. Kc6 Ne6 54. a6 Nd8+ 55. Kb6 Kxg3 56. a7 Ne6 57. a8=Q f5 58. Qf3+ Kh4 59. Qxf5 Ng5 60. g3+ Kxg3 61. Qxg5+ 1-0

[Event "*** Titled Tuesday Blitz"]
[Site "Chess.com"]
[Date "2020.12.01"]
[Round "1"]
[White "albi1999"]
[Black "Cambek64"]
[Result "1-0"]
[WhiteElo "2577"]
[BlackElo "2267"]
[TimeControl "180+1"]
[EndTime "10:08:07 PST"]
[Termination "albi1999 won by checkmate"]

1. Nf3 d5 2. d4 Bf5 3. c4 e6 4. Nc3 c6 5. Qb3 Qb6 6. c5 Qc7 7. Bf4 Qc8 8. e3 h6 9. Qd1 Nf6 10. b4 a6 11. Bd3 Bxd3 12. Qxd3 Be7 13. O-O Nbd7 14. h3 O-O 15. a4 Re8 16. b5 a5 17.
Rab1 Bd8 18. bxc6 bxc6 19. Rb3 Bc7 20. Rfb1 Bxf4 21. exf4 Rb8 22. Ne5 Rxb3 23. Rxb3 Nxe5 24. fxe5 Nd7 25. Nb1 Qa8 26. Nd2 Rb8 27. f3 Rb7 28. Qb1 Rxb3 29. Qxb3 Qa6 30. Kf2 g6 31. f4 Kg7 32. Ke3 Kf8 33. g4 Ke7 34. h4 Qa8 35. Qb1 h5 36. gxh5 gxh5 37. f5 exf5 38. Qxf5 Qb7 39. Qg5+ Ke8 40. e6 fxe6 41. Qxh5+ Kd8 42. Qd1 e5 43. Nf3 e4 44. Ng5 Qb4 45. h5 Qc3+ 46. Kf4 Nf8 47. h6 e3 48. Ke5 Qd2 49. Qf3 e2 50.
Qxf8+ Kc7 51. Ne6+ Kb7 52. Qe7+ Kb8 53. Qd8+ Kb7 54.
Qb6+ Ka8 55. Nc7# 1-0

[Event "*** Titled Tuesday Blitz"]
[Site "Chess.com"]
[Date "2020.12.01"]
[Round "1"]
[White "parmupill123"]
[Black "Sviridov_Valery"]
[Result "1-0"]
[WhiteElo "2459"]
[BlackElo "2909"]
[TimeControl "180+1"]
[EndTime "10:08:08 PST"]
[Termination "parmupill123 won by resignation"]

1. e4 Nf6 2. e5 Nd5 3. d4 d6 4. exd6 Qxd6 5. Nf3 Bg4 6. Be2 Nc6 7. O-O O-O-O 8. c3 Nf4 9. Bxf4 Qxf4 10.
Nbd2 e5 11. g3 Qh6 12. Qa4 exd4 13. Rfd1 d3 14. Qxg4+ Kb8 15. Bf1 Be7 16. Nb3 f5 17. Qh3 Qf6 18. Rxd3 g5 19. Rxd8+ Rxd8 20. Nfd4 Nxd4 21.
Nxd4 Bc5 22. Qxh7 f4 23. Re1 fxg3 24. hxg3 Rf8 25. Qc2 Bxd4 26. cxd4 Qxd4 27. Bg2 c6 28. Rf1 a6 29. Qc3 Qd6 30. Qb3 Ka8 31. Rd1 Qc5 32.
Qe3 Qc2 33. Rd2 Qb1+ 34. Bf1 g4 35. a3 Rh8 36. Qd3 Qc1 37. Qd4 Re8 38. Rd1 Qc2 39.
Qxg4 Qxb2 40. a4 Rf8 41. Qd4 Qc2 42. Rd2 Qf5 43. Qd3 Qa5 44. Qd6 Rh8 45. Qd4 Qh5 46. Bg2 Qh2+ 47. Kf1 Qh6 48. Rd1 Qh7 49. a5 Qh5 50. Ra1 Qb5+ 51. Kg1 Rf8 52. Qb6 Qc4 53.
Rb1 Rf7 54. Qd8+ Ka7 55. Qb6+ Ka8 56. Qb3 Qxb3 57. Rxb3 Rf5 58. Ra3 Kb8 59. f4 Kc7 60. Bh3 Rc5 61. g4 Rc4 62. f5 b5 63. axb6+ Kxb6 64.
g5 Rc5 65. g6 1-0

[Event "*** Titled Tuesday Blitz"]
[Site "Chess.com"]
[Date "2020.12.01"]
[Round "1"]
[White "Astaneh"]
[Black "03revilo"]
[Result "0-1"]
[WhiteElo "2609"]
[BlackElo "2323"]
[TimeControl "180+1"]
[EndTime "10:08:09 PST"]
[Termination "03revilo won on time"]

1. d4 Nf6 2. Bf4 d5 3. e3 e6 4. c4 Bd6 5. Bxd6 Qxd6 6. Nc3 a6 7. Nf3 dxc4 8. Bxc4 b5 9. Bd3 Bb7 10. e4 Qf4 11. g3 Qg4 12. h3 Qh5 13. Qe2 Nbd7 14. b4 O-O 15. a3 c6 16. O-O-O a5 17. g4 Nxg4 18. hxg4 Qxg4 19. Rdg1 Qf4+ 20. Qe3 Qxe3+ 21. fxe3 axb4 22. axb4 Ra3 23. Kb2 Raa8 24. e5 g6 25. Ng5 h5 26. Nge4 Kh8 27. Nd6 Rab8 28. Be4 Nb6 29. Ncxb5 Ba8 30. Nc7 Nd5 31. Bxd5 cxd5 32. Nxa8 Rxa8 33. b5 Kg7 34. Rxh5 Rab8 35. Rh2 Ra8 36.
Rf2 Ra5 37. Rgf1 Rfa8 38. Rxf7+ Kh6 39. Kc2 Ra2+ 40. Kd1 Ra1+ 41. Ke2 R8a2+ 42. Kd3 Ra3+ 43. Kc2 R1a2+ 44. Kd1 Ra1+ 45. Ke2 R3a2+ 46. Kf3 Rxf1+ 47. Kg3 Rg1+ 48. Kf3 Rf1+ 49. Kg3 Re1 50. Rf3 Rg1+ 51. Kh3 Kh5 0-1

[Event "*** Titled Tuesday Blitz"]
[Site "Chess.com"]
[Date "2020.12.01"]
[Round "1"]
[White "asms9699"]
[Black "alexsuper1987"]
[Result "1-0"]
[WhiteElo "2574"]
[BlackElo "2251"]
[TimeControl "180+1"]
[EndTime "10:08:09 PST"]
[Termination "asms9699 won on time"]

1. c4 e6 2. g3 d5 3. Bg2 Nf6 4.
Nf3 Be7 5. O-O O-O 6. b3 c5 7. Bb2 Nc6 8. e3 b6 9. Nc3 Bb7 10. cxd5 exd5 11. d4 Rc8 12. dxc5 bxc5 13. Qe2 Re8 14.
Rfd1 d4 15. exd4 cxd4 16. Qb5 dxc3 17. Rxd8 Nxd8 18. Bc1 Be4 19. Nd4 Bxg2 20. Kxg2 Bc5 21. Bg5 Re5 22. Bxf6 gxf6 23. Qd7 Rb8 24. Qc7 Ra8 25. Nf3 Rd5 26. Rc1 Ne6 27. Qc6 Rad8 28. Rxc3 Bb6 29. Rc2 Rd1 30. Qc3 Kg7 31. Rd2 R1xd2 32.
Nxd2 Rd4 33. Nf3 Rd5 34. Nh4 Ng5 35. Qc2 h6 36. Nf5+ Kf8 37. h4 Ne6 38. Nxh6 Ke7 39. Nf5+ Kd7 40. Nh6 Nc5 41. Nxf7 Nd3 42. Qc4 Rd4 43. Qb5+ Kc7 44. Qe8 Nxf2 45. h5 Ne4 46. h6 f5 47. Qe7+ Kc6 48. Ne5+ Kd5 49. Nf3 Rd3 50. h7 Rxf3 51. Kxf3 Nd6 52. h8=Q Ne4 53. Qhe5+ Kc6 54. Qxf5 1-0

[Event "*** Titled Tuesday Blitz"]
[Site "Chess.com"]
[Date "2020.12.01"]
[Round "1"]
[White "Grieve72"]
[Black "BogdanDeac"]
[Result "0-1"]
[WhiteElo "2450"]
[BlackElo "2980"]
[TimeControl "180+1"]
[EndTime "10:08:10 PST"]
[Termination "BogdanDeac won by resignation"]

1. e4 c5 2. Nc3 d6 3. d4 cxd4 4. Qxd4 Nc6 5. Qd2 g6 6. b3 Bh6 7. f4 Nf6 8. Bb2 e5 9. g3 O-O 10. O-O-O Re8 11. Kb1 exf4 12. gxf4 Qa5 13. Bg2 Bg4 14.
Re1 Rad8 15. h3 Be6 16. Nf3 d5 17. e5 Nh5 18. Ng5 d4 19. Nce4 Qxd2 20. Nxd2 Nxf4 21.
Nxe6 Rxe6 22. Bxc6 bxc6 23. Nf3 c5 24. Ba3 Rc6 25. Nd2 Re8 26. Nc4 Nd5 27. h4 Bg7 28.
h5 g5 29. h6 Bf8 30. Rh5 Rg6 31. Rf1 Nf4 32. Rh2 Nd5 33. Nd6 Rxe5 34. Nxf7 Nc3+ 35. Kb2 Re8 36. Rhf2 g4 37. Rf5 g3 38. Ng5 g2 39.
Rg1 Re2 40. Bxc5 Bxh6 41. Nh3 Be3 42. Rxg2 Rgxg2 43. Rf8+ Kg7 44. Rf3 Rxc2+ 45. Ka3 a5 46. b4 a4 47. b5 Rxa2+ 48. Kb4 Rab2+ 49. Kc4 Nxb5 50. Nf4 Bxf4 51. Rxf4 a3 52. Be7 a2 53. Bf6+ Kg6 0-1

[Event "*** Titled Tuesday Blitz"]
[Site "Chess.com"]
[Date "2020.12.01"]
[Round "1"]
[White "fmshawnrl123"]
[Black "anon481216"]
[Result "1-0"]
[WhiteElo "2803"]
[BlackElo "2399"]
[TimeControl "180+1"]
[EndTime "10:08:11 PST"]
[Termination "fmshawnrl123 won on time"]

1. c4 e5 2. g3 Nf6 3. Bg2 d5 4. cxd5 Nxd5 5. Nf3 Nc6 6. O-O Be7 7. d3 O-O 8. Nc3 Nb6 9. Be3 Be6 10. Rc1 f6 11. a3 Qe8 12. Ne4 Rd8 13. b4 Nd5 14. Bc5 Bd6 15. b5 Na5 16. Nxd6 cxd6 17. Bxa7 Qxb5 18. e4 Ne7 19. Rb1 Qa6 20. Bb6 Rc8 21.
Bxa5 Qxa5 22. Rxb7 Nc6 23. Qa1 Ra8 24. Rc1 Rfc8 25. h4 Qxa3 26. Qxa3 Rxa3 27. Rb6 Bd7 28. Bf1 Kf8 29. Rb7 Ra7 30. Rxd7 Rxd7 31. Bh3 Rdc7 32. Bxc8 Rxc8 33. d4 Ke7 34. d5 Na7 35. Rb1 Rc7 36. h5 g6 37. hxg6 hxg6 38. Kg2 Kf7 39. Rh1 Kg7 40. Rb1 Nc8 41. Rb8 Ne7 42. Rd8 Nc8 43.
Nh4 Kf7 44. Nf3 Kg7 45. Nd2 Kf7 46. Nb3 Ke7 47. Rh8 f5 48. exf5 gxf5 49. Na5 Kf6 50. Nc6 Ne7 51. Rh6+ Ng6 52. Rh5 e4 53. Rh1 Ne5 54.
Nd4 Ng6 55. Ne6 Rc2 56. Rh6 1-0

[Event "*** Titled Tuesday Blitz"]
[Site "Chess.com"]
[Date "2020.12.01"]
[Round "1"]
[White "SlavenPastar"]
[Black "zala02"]
[Result "1-0"]
[WhiteElo "2509"]
[BlackElo "2157"]
[TimeControl "180+1"]
[EndTime "10:08:11 PST"]
[Termination "SlavenPastar won by resignation"]

1. d4 Nf6 2. c4 e6 3. Nf3 d5 4.
Nc3 Bb4 5. Bd2 O-O 6. e3 b6 7.
cxd5 exd5 8. Be2 Bb7 9. O-O Re8 10. Rc1 Bf8 11. Ne5 c5 12. Bf3 Nc6 13. Nxc6 Bxc6 14.
dxc5 bxc5 15. Na4 Rc8 16. Re1 Ba8 17. b3 Ne4 18. Bc3 f5 19. Bb2 Bd6 20. g3 Qe7 21.
Nc3 Qe6 22. Be2 Kh8 23. Bf1 Be5 24. Qc2 d4 25. Na4 dxe3 26. Rxe3 Bd4 27. Re2 Qd5 28. Bg2 Rcd8 29. Bxd4 Qxd4 30. Nb2 Qf6 31. Nc4 Nd6 32. Rxe8+ Rxe8 33. Nxd6 Qxd6 34. Bxa8 Rxa8 35. Qxc5 Qf8 36.
Qxf8+ Rxf8 37. Rc2 h6 38. Kg2 Kh7 39. Rc5 Kg6 40.
Ra5 Rf7 41. Ra6+ Kg5 42. Ra5 h5 43. f4+ Kh6 44. Kf3 Re7 45. Rxf5 g6 46. Re5 Rd7 47. Re3 h4 48. g4 Rc7 49. g5+ Kg7 50. Re6 Rc2 51. Re2 Rc3+ 52. Re3 Rc2 53. Re2 Rc3+ 54. Kg4 h3 55. Re7+ Kf8 56. Rxa7 Ke8 57. Ra6 Ke7 58. Rxg6 1-0

[Event "*** Titled Tuesday Blitz"]
[Site "Chess.com"]
[Date "2020.12.01"]
[Round "1"]
[White "TV27"]
[Black "SanchezKelvin"]
[Result "0-1"]
[WhiteElo "2030"]
[BlackElo "2475"]
[TimeControl "180+1"]
[EndTime "10:08:11 PST"]
[Termination "SanchezKelvin won on time"]

1. e4 c5 2. Nf3 d6 3. d4 cxd4 4. Nxd4 Nf6 5. Nc3 g6 6. Be3 Bg7 7. f3 O-O 8. Qd2 Nc6 9. O-O-O Nxd4 10. Bxd4 Be6 11. h4 Qa5 12. Kb1 Rfc8 13. Bxf6 Bxf6 14. Nd5 Qxd2 15. Nxf6+ Kg7 16. Nh5+ gxh5 17. Rxd2 Kf6 18. c3 Rg8 19. a3 Rg3 20. Kc2 Ke5 21. Kd3 Kf4 22. Ke2 Rag8 23. Kf2 a6 24. Rg1 Ke5 25.
Rd4 f5 26. exf5 Bxf5 27. Bc4 e6 28. Bd3 d5 29. Bxf5 Kxf5 30. Rd2 R8g7 31. Re2 R3g6 32.
Rd2 Rd7 33. Rd4 e5 34. g4+ Ke6 35. Rdd1 hxg4 36. fxg4 Rf7+ 37. Ke2 Rgf6 38. Rdf1 Rf4 39. Rxf4 Rxf4 40. h5 h6 41. g5 hxg5 42. Rxg5 Rh4 43. Rg6+ Kf5 44. Rb6 Rxh5 45. Rxb7 Ke4 46. Rb4+ d4 47.
Ra4 Rh2+ 48. Ke1 Ke3 49. Kf1 Rxb2 50. cxd4 exd4 51. Rxa6 d3 52. Re6+ Kd2 53. a4 Rb4 0-1

[Event "*** Titled Tuesday Blitz"]
[Site "Chess.com"]
[Date "2020.12.01"]
[Round "1"]
[White "HouseOfDurin"]
[Black "Everyfishknows"]
[Result "0-1"]
[WhiteElo "2117"]
[BlackElo "2491"]
[TimeControl "180+1"]
[EndTime "10:08:13 PST"]
[Termination "Everyfishknows won on time"]

1. d4 Nf6 2. Bg5 Ne4 3. h4 d5 4. Nd2 Bf5 5. Nxe4 Bxe4 6. f3 Bf5 7. e3 h6 8. Bf4 e6 9. Bd3 Bxd3 10. Qxd3 Bd6 11.
Ne2 Bxf4 12. Nxf4 c5 13. dxc5 Qa5+ 14. Qc3 Qxc3+ 15. bxc3 Nd7 16. Nd3 Ke7 17. Rb1 Rab8 18. Rb5 Rhc8 19. Kd2 b6 20. Rhb1 a6 21. Rxb6 Nxb6 22.
cxb6 Rc6 23. Nb4 Rcxb6 24. Nc6+ Kd6 25. Nxb8 Rxb1 26. Nxa6 Rg1 27. g4 g6 28. Nb4 Rh1 29. a4 Ra1 30. Nd3 Rxa4 31. f4 Ra1 32. Nc1 h5 33.
gxh5 gxh5 34. Kd1 f6 35. Kd2 e5 36. fxe5+ fxe5 37. Ne2 Rh1 38. Ng3 Rh2+ 39. Kd1 Ke6 40.
Nxh5 Rxh4 41. Ng3 Rh3 42. Nf1 Kf5 43. Ke2 Rh8 44. Nd2 Rc8 45. Kd3 Ke6 46. c4 dxc4+ 47.
Nxc4 Ra8 48. Nd2 Ra3+ 49. c3 Ra8 50. Nb3 Rh8 51. Nc5+ Kd5 52. Nb3 e4+ 53. Kc2 Rh2+ 54. Nd2 Rg2 55. Kd1 Rg8 56. c4+ Ke5 57. Kc2 Rc8 58. Kc3 Rd8 59. Nf1 Rd3+ 60. Kb4 Rd1 61. Ng3 Re1 0-1

[Event "*** Titled Tuesday Blitz"]
[Site "Chess.com"]
[Date "2020.12.01"]
[Round "1"]
[White "adriangschnitzer"]
[Black "kkpanu9"]
[Result "1-0"]
[WhiteElo "2493"]
[BlackElo "2117"]
[TimeControl "180+1"]
[EndTime "10:08:13 PST"]
[Termination "adriangschnitzer won by checkmate"]

1. e4 c5 2. a3 d6 3. b4 b6 4. c4 Nc6 5. b5 Nd4 6. Nc3 Nf6 7. f4 e6 8. Nf3 Be7 9. d3 Nxf3+ 10. Qxf3 Bb7 11. Be2 O-O 12. O-O Qd7 13. Qg3 Qc7 14. f5 Kh8 15. Bb2 Rg8 16. Kh1 Rac8 17. Rf4 exf5 18. Rxf5 d5 19. e5 d4 20. exf6 Qxg3 21. hxg3 dxc3 22. Bxc3 Bxf6 23. Rxf6 gxf6 24. Bxf6+ Rg7 25. Kg1 Kg8 26. Bxg7 Kxg7 27. Kf2 Kf6 28.
Bf3 Rc7 29. Re1 Bc8 30. Bc6 Be6 31. a4 a6 32. Ke3 axb5 33. cxb5 Re7 34. Kd2 Bf5 35.
Rxe7 Kxe7 36. Ke3 Kd6 37. d4 Bg6 38. dxc5+ Kxc5 39. Be8 Kb4 40. Kd4 Kxa4 41. g4 Bc2 42. g5 Bd1 43. g3 Be2 44. Bxf7 Bxb5 45. Bg8 Bd7 46. Bxh7 Be6 47. g6 b5 48. g7 Ka5 49.
g8=Q Bxg8 50. Bxg8 Kb6 51. g4 Kc7 52. Ke5 Kd7 53.
Kf6 Ke8 54. Bf7+ Kf8 55. g5 b4 56. g6 b3 57. g7# 1-0

[Event "*** Titled Tuesday Blitz"]
[Site "Chess.com"]
[Date "2020.12.01"]
[Round "1"]
[White "banane_verte"]
[Black "Pertinhez76"]
[Result "1-0"]
[WhiteElo "2474"]
[BlackElo "2018"]
[TimeControl "180+1"]
[EndTime "10:08:14 PST"]
[Termination "banane_verte won by checkmate"]

1. e4 e6 2. d3 d5 3. Qe2 Nf6 4.
Nf3 Nc6 5. g3 dxe4 6. dxe4 Bc5 7.
Bg2 e5 8. O-O a5 9. h3 O-O 10.
Rd1 Qe7 11. c3 b6 12. Be3 Ba6 13. Qe1 Rfd8 14. Bxc5 Qxc5 15. Nbd2 h6 16. Nf1 a4 17. N1h2 Na5 18. Bf1 Bxf1 19. Nxf1 Nc4 20. Qe2 Nd6 21. N1d2 a3 22. Nb3 Qc4 23. Qxc4 Nxc4 24. bxa3 Rxd1+ 25. Rxd1 Rxa3 26. Rd8+ Kh7 27. Rc8 c5 28. Rc7 Nxe4 29. Rxf7 Rxa2 30. Nh4 Rb2 31. g4 Ncd6 32. Rd7 Rxb3 33.
f3 Nf6 34. Rxd6 Rxc3 35. Rxb6 Rc2 36. Nf5 Kg6 37. Rb7 Kg5 38. Rxg7+ Kf4 39. Rf7 Rc1+ 40. Kf2 Rc2+ 41. Ke1 Nd5 42. Nd4+ Ke3 43. Nxc2+ Kd3 44. Rd7 Kc4 45. Kd2 Nc3 46. Ne3+ Kb4 47. Nd5+ Kc4 48. Nxc3 h5 49. gxh5 Kb3 50. Rd5 c4 51. Rxe5 Kb4 52.
Rb5+ Ka3 53. Ra5+ Kb3 54. h6 Kb4 55. Ra4+ Kb3 56. h7 Kb2 57. h8=Q Kb3 58. Qb8# 1-0

[Event "*** Titled Tuesday Blitz"]
[Site "Chess.com"]
[Date "2020.12.01"]
[Round "1"]
[White "BulletMercenary"]
[Black "IMTominho"]
[Result "0-1"]
[WhiteElo "2383"]
[BlackElo "2761"]
[TimeControl "180+1"]
[EndTime "10:08:16 PST"]
[Termination "IMTominho won on time"]

1. e4 c5 2. d4 cxd4 3. c3 dxc3 4. Nxc3 Nc6 5. Nf3 d6 6. Bc4 Nf6 7. O-O a6 8. Bf4 Bg4 9. h3 Bxf3 10. Qxf3 e6 11. Rfd1 Qb8 12. Rd2 Ne5 13. Bxe5 dxe5 14. g4 Qc7 15. Bb3 Rd8 16. Ba4+ Ke7 17. Rxd8 Kxd8 18. Rd1+ Bd6 19. g5 Ne8 20. Qd3 Ke7 21. b4 h6 22. b5 hxg5 23. bxa6 bxa6 24. Qxa6 Qxc3 25. Bxe8 Rxe8 26. Qxd6+ Kf6 27. Qd3 Rc8 28. Kg2 Qxd3 29. Rxd3 Rc2 30. Rf3+ Kg6 31. Ra3 Re2 32. Kf3 Rb2 33. Ra6 Rc2 34. Kg3 Rc3+ 35. f3 Rc1 36.
a4 Ra1 37. Kf2 Ra2+ 38. Kg3 Ra3 39. a5 Ra4 40. Kg4 f5+ 41. Kg3 fxe4 42. fxe4 Rxe4 43.
Rxe6+ Kf5 44. Re7 Re3+ 45. Kg2 Ra3 46. Ra7 Kf4 47. a6 Ra2+ 48. Kg1 Kg3 49. Kf1 e4 50. Ra8 e3 51. a7 Ra1+ 52. Ke2 Ra3 53. Ke1 Ra2 54.
Kf1 e2+ 55. Ke1 Kg2 0-1

[Event "*** Titled Tuesday Blitz"]
[Site "Chess.com"]
[Date "2020.12.01"]
[Round "1"]
[White "Elprofessor21"]
[Black "Vuk2000"]
[Result "1-0"]
[WhiteElo "2424"]
[BlackElo "2718"]
[TimeControl "180+1"]
[EndTime "10:08:17 PST"]
[Termination "Elprofessor21 won on time"]

1. d4 Nf6 2. c4 e6 3. Nf3 b6 4. g3 Ba6 5. b3 Bb4+ 6. Bd2 Be7 7. Bg2 Bb7 8. O-O O-O 9. Bf4 d6 10.
Qc2 Nbd7 11. Rd1 Be4 12. Qc1 Nh5 13. Be3 f5 14. Nc3 Bb7 15. Ng5 Bxg5 16. Bxb7 f4 17. Bd2 Rb8 18. Bf3 Ndf6 19. g4 e5 20. dxe5 dxe5 21. gxh5 Qe8 22. Kh1 e4 23. Bg2 e3 24.
fxe3 fxe3 25. Be1 Qxh5 26. Bg3 Ng4 27. Rd5 c6 28. Rxg5 Qxg5 29. Ne4 Qh6 30. Bf3 Nf2+ 31.
Nxf2 exf2 32. Qxh6 gxh6 33. Bxf2 Rbd8 34. Rg1+ Kf7 35. Be3 Rd6 36. Bf4 Re6 37. e3 Rd8 38. Bh5+ Kf8 39. Bg4 Rf6 40. Be5 Rf2 41. Bg3 Rf7 42.
Be6 Rg7 43. Bh3 Rf7 44. Rf1 Re8 45. Rxf7+ Kxf7 46. Bf4 Re4 47. Kg2 Kf6 48. Kf3 Re7 49.
e4 h5 50. e5+ Kg6 51. Ke4 Rf7 52. e6 Rf8 53. Bd6 Rf2 54. Ke3 1-0

[Event "*** Titled Tuesday Blitz"]
[Site "Chess.com"]
[Date "2020.12.01"]
[Round "1"]
[White "Gerodot71"]
[Black "zurzan"]
[Result "1-0"]
[WhiteElo "2482"]
[BlackElo "2073"]
[TimeControl "180+1"]
[EndTime "10:08:17 PST"]
[Termination "Gerodot71 won on time"]

1. d4 d6 2. e4 Nf6 3. Nc3 g6 4. g3 Bg7 5. Bg2 O-O 6. Nge2 c6 7. a4 a5 8. O-O e5 9. h3 Re8 10. Be3 Be6 11. Qd2 Nbd7 12. g4 Bc4 13. Rfe1 Bxe2 14. Rxe2 Qc7 15. Rd1 Rad8 16. d5 Nb8 17.
Rc1 Na6 18. g5 Nh5 19. Ree1 Nb4 20. Ne2 cxd5 21. exd5 f5 22. gxf6 Nxf6 23. c3 Na6 24.
Ng3 Nc5 25. Qc2 e4 26. Bxc5 Qxc5 27. Nxe4 Nxe4 28. Rxe4 Rxe4 29. Qxe4 Rf8 30. Rc2 Qc7 31. Re2 Qc5 32. Qe6+ Kh8 33. Re3 Qb6 34. Rf3 Qd8 35. Rf7 Rxf7 36. Qxf7 b6 37. h4 Bf6 38. h5 gxh5 39. Qxh5 Qg8 40. Kf1 Be5 41. Be4 Qg7 42. Ke2 h6 43. Kd3 Kg8 44. f3 Kf8 45.
Qf5+ Ke7 46. Kc4 Kd8 47. Kb5 Kc7 48. Ka6 Qe7 49. Qe6 Qxe6 50. dxe6 Bf6 51. Bf5 h5 52.
Bh3 h4 53. f4 Kc6 54. f5 Kc7 55. Kb5 Be5 56. Kc4 Bf6 57. Kd5 1-0

[Event "*** Titled Tuesday Blitz"]
[Site "Chess.com"]
[Date "2020.12.01"]
[Round "1"]
[White "Srisshhhtea"]
[Black "Lion-Al-Messi"]
[Result "0-1"]
[WhiteElo "2243"]
[BlackElo "2561"]
[TimeControl "180+1"]
[EndTime "10:08:18 PST"]
[Termination "Lion-Al-Messi won by checkmate"]

1. d4 d5 2. c4 c6 3. Nf3 Nf6 4. Nbd2 Bf5 5. Nh4 Be6 6. Qb3 Qb6 7. c5 Qxb3 8. axb3 Nbd7 9. b4 a6 10. e3 Rb8 11. Nb3 g5 12. Nf3 g4 13. Ng1 Bg7 14. Bd3 O-O 15. Ne2 Ne4 16. Nf4 Ng5 17. Bd2 f5 18. Ke2 Rf6 19. h4 gxh3 20. gxh3 Bf7 21.
Rhg1 Ne4 22. Be1 h6 23. f3 Ng5 24. h4 Nh7 25. Bc3 e6 26. Rg2 Kh8 27. Rag1 Bf8 28. Nh5 Be7 29. Nxf6 Bxf6 30. e4 fxe4 31. fxe4 Bh5+ 32.
Kd2 Bxh4 33. Rh2 Ng5 34. Rxh4 Nf3+ 35. Kc1 Nxh4 36. Rh1 Bg6 37. Rxh4 Kg7 38. Kd2 Nf6 39. exd5 exd5 40. Bxg6 Kxg6 41. Kd3 h5 42. Bd2 Ng4 43.
Bf4 Rf8 44. Bd6 Rf3+ 45. Kc2 Ne3+ 46. Kb1 Nf5 47. Nd2 Nxh4 48. Nxf3 Nxf3 49. Kc2 Nxd4+ 50. Kd3 Nf5 51. Bh2 h4 52. b3 Kg5 53. Ke2 Kg4 54. Kf2 h3 55. Be5 Nh4 56. Bd6 Nf3 57. Bc7 d4 58.
Bg3 d3 59. Bb8 h2 60. Kg2 d2 61. Bxh2 d1=Q 62. Bf4 Qg1# 0-1